 Dungeon Sprint DCSS version 0.19-a0-1608-g4cf22de (webtiles) character file.

84 poirepourri the Covert (level 4, -3/21 HPs)
             Began as a Spriggan Enchanter on Sept 17, 2016.
             Splashed by an oklob sapling priest's acid (11 damage)
             ... in the Dungeon (Sprint IV: "Fedhas' Mad Dash").
             The game lasted 00:00:26 (69 turns).

poirepourri the Covert (Spriggan Enchanter)           Turns: 69, Time: 00:00:27

Health: -3/21      AC:  3    Str:  4    XL:     4   Next: 23%
Magic:  11/11      EV: 20    Int: 16    God:
Gold:   59         SH:  0    Dex: 17    Spells: 4 memorised, 2 levels left

rFire  . . .     SeeInvis +     a - +1 dagger
rCold  . . .     Gourm    .     b - +1 robe
rNeg   . . .     Faith    .     (shield restricted)
rPois  .         Spirit   .     (helmet restricted)
rElec  .         Dismiss  .     (no cloak)
rCorr  .         Reflect  .     (gloves unavailable)
MR     .....     Harm     .     (boots unavailable)
Stlth  +++++..... NoTele   +    k - amulet of invisibility {+Inv}
                                (no ring)
                                (no ring)

@: very quick
A: unfitting armour, see invisible, herbivore 3, speed 3, slow metabolism 2
a: Evoke Invisibility


You were in the Dungeon.
You were not hungry.

You visited 1 branch You collected 59 gold pieces.

Inventory:

Hand Weapons
 a - a +1 dagger (weapon)
Armour
 b - a +1 robe (worn)
Jewellery
 k - the amulet of invisibility (around neck) {+Inv}
   (You found it in the Dungeon)

   [amulet of nothing]

   It lets you turn invisible.
Scrolls
 j - a scroll of blinking
Potions
 e - a potion of curing
 f - a potion of heal wounds
 g - a potion of haste
 h - 2 potions of magic
 i - a potion of berserk rage
 l - a potion of degeneration {unknown}
Books
 c - a book of Maledictions

   Spells                             Type                      Level
   a - Corona                         Hexes                        1
   b - Ensorcelled Hibernation        Hexes/Ice                    2
   c - Confuse                        Hexes                        3
   d - Tukima's Dance                 Hexes                        3
   e - Dazzling Spray                 Conjuration/Hexes            3
Comestibles
 d - a bread ration


   Skills:
 + Level 1.1 Short Blades
 + Level 4.4 Dodging
 + Level 9.4 Stealth
 + Level 4.4 Spellcasting
 + Level 7.2 Hexes


You had 2 spell levels left.
You knew the following spells:

 Your Spells              Type           Power        Failure   Level  Hunger
a - Corona                Hex            ####...      1%          1    None
b - Ensorcelled Hibernat  Hex/Ice        ###...       8%          2    ##.....
c - Confuse               Hex            ####....     2%          3    ###....
d - Tukima's Dance        Hex            ####....     2%          3    ###....


Dungeon Overview and Level Annotations

Branches:
Dungeon (1/1)

Altars:
Cheibriados
Dithmenos
Gozag
Hepliaklqana
Kikubaaqudgha
Makhleb
Nemelex Xobeh
Okawaru
Ru
Sif Muna
Trog
Uskayaw
Xom
Yredelemnul
Zin
Beogh
Jiyva

Annotations:
D exclusion: oklob sapling


Innate Abilities, Weirdness & Mutations

You are tiny and cannot use many weapons and most armour.
You have supernaturally acute eyesight. (SInv)
You are a herbivore.
You cover ground extremely quickly.
You need consume almost no food.


Message History

You destroy the oklob sapling!
Your Stealth skill increases to level 9!
Your Hexes skill increases to level 7!
You have reached level 4!
You now have 55 gold pieces (gained 8).
You now have 59 gold pieces (gained 4).
There is an open door here.
You open the door.
Found ten altars.
Marking area around the oklob sapling priest as unsafe for travelling.
An oklob sapling priest comes into view.
Found a viscous altar of Jiyva and a bloodstained altar of Trog.
There is an open door here.
Found three altars.
The oklob sapling priest spits acid at you.
The splash of acid hits you!
Ouch! That really hurt!
The acid burns!
Ouch! That really hurt!
You die...

########################
.P#.....#.....#.⌠._._._.
..'.[...'.#(..'.._._._._
PP#...†.#.#...#.@._._P_.
############'##.._._._._
+...#.⌠._._._.
#...########## #####


You could see an oklob sapling priest.

Vanquished Creatures
  2 oklob saplings (D)
  A worker ant (D)
  A river rat (D)
  A rat (D)
5 creatures vanquished.

Notes
Turn   | Place    | Note
-------+----------+-------------------------------------------
     0 | D        | poirepourri the Spriggan Enchanter began the quest for the Orb.
     0 | D        | Reached XP level 1. HP: 9/9 MP: 5/5
     8 | D        | Reached skill level 5 in Stealth
     8 | D        | Reached XP level 2. HP: 13/13 MP: 7/7
    15 | D        | Learned a level 2 spell: Ensorcelled Hibernation
    17 | D        | Noticed an oklob sapling
    19 | D        | Killed an oklob sapling
    19 | D        | Reached skill level 7 in Stealth
    19 | D        | Reached XP level 3. HP: 16/16 MP: 9/9
    24 | D        | Reached skill level 8 in Stealth
    46 | D        | Learned a level 3 spell: Confuse
    50 | D        | Learned a level 3 spell: Tukima's Dance
    50 | D        | Noticed an oklob sapling
    53 | D        | Killed an oklob sapling
    53 | D        | Reached skill level 9 in Stealth
    53 | D        | Reached XP level 4. HP: 21/21 MP: 11/11
    66 | D        | Found an opulent altar of Gozag.
    66 | D        | Found a hazy altar of Hepliaklqana.
    66 | D        | Found a burning altar of Makhleb.
    66 | D        | Found a roughly hewn altar of Beogh.
    66 | D        | Found a sparkling altar of Nemelex Xobeh.
    66 | D        | Found a snail-covered altar of Cheibriados.
    66 | D        | Found a sacrificial altar of Ru.
    66 | D        | Found a deep blue altar of Sif Muna.
    66 | D        | Found a shimmering altar of Xom.
    66 | D        | Found a basalt altar of Yredelemnul.
    67 | D        | Found a viscous altar of Jiyva.
    67 | D        | Found a bloodstained altar of Trog.
    68 | D        | Found an iron altar of Okawaru.
    68 | D        | Found a glowing silver altar of Zin.
    68 | D        | Found a shadowy altar of Dithmenos.
    69 | D        | Found a hide-covered altar of Uskayaw.
    69 | D        | Found an ancient bone altar of Kikubaaqudgha.
    69 | D        | Splashed by an oklob sapling priest's acid

Vault maps used:
D:        dungeon_sprint_fedhas

Skill      XL: |  1  2  3 |
---------------+----------+-----
Stealth        | 5 7 9 |  9.4
Spellcasting   | 3 4 |  4.4
Hexes          | 4 6 7 |  7.2
Dodging        | 4 |  4.4
Short Blades   | |  1.1

Action                   |  1- 3 |  4- 6 || total
-------------------------+-------+-------++-------
Melee: Dagger            |     5 |       ||     5
 Stab: Sleeping          |     5 |       ||     5
